 Dungeon Crawl Stone Soup version 0.26-a0-708-g17f3b190f9 (webtiles) character file.

Game seed: 5241940343526801462

233 marklar909 the Chopper (level 6, -8/53 HPs)
             Began as a Hill Orc Monk on Oct 27, 2020.
             Killed from afar by an orc wizard (12 damage)
             ... with a puff of flame
             ... on level 4 of the Dungeon.
             The game lasted 00:03:01 (1897 turns).

marklar909 the Chopper (Hill Orc Monk)              Turns: 1897, Time: 00:03:02

Health: -8/53      AC:  2    Str: 16    XL:     6   Next: 5%
Magic:  6/6        EV: 13    Int: 10    God:
Gold:   124        SH:  0    Dex: 13    Spells: 5/5 levels left

rFire    . . .     SeeInvis .   i - +6 hand axe
rCold    . . .     Faith    .   (no shield)
rNeg     . . .     Spirit   .   b - +0 robe
rPois    .         Reflect  .   (no helmet)
rElec    .         Harm     .   (no cloak)
rCorr    .         Rampage  .   (no gloves)
MR       .....                  (no boots)
Stlth    ++........             (no amulet)
HPRegen  0.17/turn              (no ring)
MPRegen  0.10/turn              (no ring)

@: lethally poisoned (-8 -> -9)
A: no striking features
a: no special abilities


You were on level 4 of the Dungeon.
You visited 1 branch of the dungeon, and saw 3 of its levels.

You collected 124 gold pieces.

Inventory:

Hand Weapons
 i - a +6 hand axe (weapon)
Armour
 b - a +0 robe (worn)
Scrolls
 e - a scroll of fog {unknown}
 f - a scroll of random uselessness {unknown}
 g - a scroll of remove curse {unknown}
 h - a scroll of magic mapping {unknown}
 j - a scroll of amnesia {unknown}
Potions
 d - a potion of haste


   Skills:
 + Level 4.6 Fighting
 + Level 6.2 Axes
 + Level 3.1 Dodging
 + Level 3.0 Stealth


You had 5 spell levels left.
You didn't know any spells.
Your spell library was empty.

Dungeon Overview and Level Annotations

Branches:
Dungeon (4/15)             Temple (0/1) D:4

Altars:


Message History

You barely miss something.
You feel sick. Something hits you but does no damage.
Unknown command.
Something completely misses you.
Unknown command.
You feel less confused. Something hits you but does no damage.
You see here an adder corpse.
You miss something.
You feel sick. Something barely misses you.
Unknown command.
You barely miss something. Something hits you.
* * * LOW HITPOINT WARNING * * *
Unknown command.
You closely miss something. Something hits you but does no damage.
Unknown command.
You miss something.
You feel sick.
You hear some strange, mumbled words.
A puff of flame appears from out of thin air!
The puff of flame hits you!
You die...

######..######
..............
..####.#####. ###...# #.
###.....# #. #.....#.##
#. #####........# #.
###..####......# #.
#..@{..####...#####.
#....)#....####.....>.
........#.........######
...#.#..#.#)##.##.......
.. #..).#.#.##.###......
. ###..#.#.##.# #......
...#.#.##.# #......
##.#.#.##.# #......
....##.# ####...


There were no monsters in sight!

Vanquished Creatures
  An ogre (D:4)
  A howler monkey (D:4)
  A worker ant (D:4)
  2 hound skeletons (D:4)
  An adder (D:4)
  An ooze (D:1)
  An adder skeleton (D:4)
  2 dart slugs (D:1)
  A leopard gecko (D:4)
  5 orcs (D:4)
  7 bats (D:1)
  2 giant cockroaches (D:1)
  2 goblins (D:1)
  2 hobgoblins (D:1)
  3 jackals
  6 kobolds (D:1)
  3 rats
41 creatures vanquished.

Notes
Turn   | Place    | Note
-------+----------+-------------------------------------------
     0 | D:1      | marklar909 the Hill Orc Monk began the quest for the Orb.
     0 | D:1      | Reached XP level 1. HP: 19/19 MP: 1/1
   291 | D:1      | Reached XP level 2. HP: 26/27 MP: 2/2
   791 | D:1      | Reached XP level 3. HP: 33/33 MP: 3/3
   972 | D:2      | You fall into a shaft and drop 2 floors!
  1050 | D:4      | Reached skill level 5 in Axes
  1050 | D:4      | Reached XP level 4. HP: 19/40 MP: 4/4
  1474 | D:4      | Found a staircase to the Ecumenical Temple.
  1475 | D:4      | Noticed an ogre
  1495 | D:4      | Killed an ogre
  1495 | D:4      | Reached XP level 5. HP: 18/47 MP: 5/5
  1733 | D:4      | Reached skill level 6 in Axes
  1886 | D:4      | Reached XP level 6. HP: 10/53 MP: 6/6
  1897 | D:4      | Killed from afar by an orc wizard

Illustrated notes

Levels and vault maps discovered:
D:1:      matt_arrival_los_fun, layout_loops_ring,
          hangedman_abyss_or_decor_stabs, minmay_tetromino_o4
D:2:      cheibrodos_greedy_goblins, layout_basic, grunt_ministairs_4,
          minmay_3d_cube, uniq_sigmund
D:4:      layout_basic, minmay_temple_entry_ruins, serial_shops,
          kennysheep_mini_moat, minmay_misc_feat_x,
          hangedman_decor_diamond_cutter, hex_intersection, fedhas_altar_2,
          uniq_crazy_yiuf_cottage, uniq_blork_the_orc

Skill      XL: |  1  2  3  4  5 |
---------------+----------------+-----
Fighting       | 4 |  4.6
Axes           | 5 6 |  6.2
Stealth        | 2 3 |  3.0
Dodging        | 3 |  3.1

Action                   |  1- 3 |  4- 6 || total
-------------------------+-------+-------++-------
Melee: Hand axe          |    63 |    46 ||   109
  Use: Potion            |     3 |       ||     3
 Stab: Sleeping          |     8 |       ||     8
Armor: Robe              |    24 |     7 ||    31
Dodge: Dodged            |    59 |    22 ||    81

Table legend: (Time is in decaauts)
 A = Elapsed time spent in this place.
 B = Non-inter-level travel time spent in this place.
 C = Inter-level travel time spent in this place.
 D = Time resting spent in this place.
 E = Time spent auto-exploring this place.
 F = Levels seen in this place.
 G = Mean time per level.
                   A        B        C        D        E       F      G
               +--------+--------+--------+--------+--------+-----+--------+
         Total |   1888 |   1853 |     35 |    400 |   1135 |   3 |  629.3 |
       Dungeon |   1888 |   1853 |     35 |    400 |   1135 |   3 |  629.3 |
               +--------+--------+--------+--------+--------+-----+--------+

Top non-repeatable levels by time:
     D:1: 969 daAuts
     D:4: 912 daAuts
     D:2: 5 daAuts
